 Dungeon Crawl Stone Soup version 0.30-a0-860-g512cf1e979 (webtiles) character file.

Game seed: 5865403749652227569

28 ProzacElf the Conjurer (level 2, 0/23 (25) HPs)
             Began as an Armataur Reaver on Mar 7, 2023.
             Slain by a gnoll
             ... wielding a +0 flail
              (12 damage)
             ... on level 2 of the Dungeon.
             The game lasted 00:02:43 (875 turns).

ProzacElf the Conjurer (Armataur Reaver)             Turns: 875, Time: 00:02:44

HP:   0/23 (25)     AC:  4    Str: 17    XL:     2   Next: 96%
MP:   5/5           EV: 14    Int: 13    God:
Gold: 93            SH:  0    Dex:  8    Spells: 4/5 levels left

rFire   . . .      SeeInvis +    b - +2 dagger (venom)
rCold   . . .      Faith    .    (no shield)
rNeg    . . .      Spirit   .    i - +0 leather armour
rPois   .          Reflect  .    (no helmet)
rElec   .          Roll     +    (no cloak)
rCorr   .                        (no gloves)
Will    .....                    (no barding)
Stlth   +                        k - amulet of regeneration
HPRegen 1.03/turn                o - +5 ring of evasion {=R}
MPRegen 0.09/turn                p - ring of see invisible

@: drained
A: large, rugged brown scales 3, deformed body, armoured tail, roll, long
tongue, awkward tongue
a: no special abilities


You were on level 2 of the Dungeon.
You visited 1 branch of the dungeon, and saw 4 of its levels.

You collected 93 gold pieces.

Inventory:

Hand Weapons
 a - a +0 falchion
 b - a +2 dagger of venom (weapon)
Missiles
 f - 3 poisoned darts (quivered)
 h - 3 stones
Armour
 e - a +0 chain mail
 i - a +0 leather armour (worn)
 j - a +0 ring mail
Jewellery
 g - an amulet of the acrobat
 k - an amulet of regeneration (around neck)
 o - a +5 ring of evasion (left hand) {=R}
 p - a ring of see invisible (right hand)
Scrolls
 c - a scroll of vulnerability {unknown}
 d - 2 scrolls of identify {unknown}
 l - a scroll of poison {unknown}
 n - a scroll of immolation {unknown}
Potions
 m - a potion of heal wounds {unknown}


   Skills:
 - Level 1.7 Fighting
 + Level 3.2 Long Blades
 - Level 1.3 Dodging
 - Level 2.0 Spellcasting
 + Level 3.2 Conjurations


You had 4 spell levels left.
You knew the following spells:

 Your Spells              Type           Power      Damage    Failure   Level
a - Kiss of Death         Conj/Necr      20%        2d7       16%         1

Your spell library contained the following spells:

 Spells                   Type           Power      Damage    Failure   Level
 Momentum Strike          Conj/Tloc      10%        3d8       24%         2
 Hailstorm                Conj/Ice       5%         3d4       43%         3


Dungeon Overview and Level Annotations

Branches:
Dungeon (4/15)
 Temple: D:4-7

Altars:


Innate Abilities, Weirdness & Mutations

You are completely covered in rugged brown scales. (AC +3, +7% HP)
Armour fits poorly on your strangely shaped body.
You have a long armoured tail.
You roll when moving toward enemies. (Rampage)
Your long tongue fully drains potion bottles. (2x potion effects)
Your tongue gives you trouble enunciating. (1.5x scroll delay)


Message History

Nay target in view!
Nay target in view!
Thin's tha be 'ere: an adder corpse; a frilled lizard corpse
d - 2 scrolls labelled HINLUU AVUNNI (gain'd 1) Ye now haf 72 gold pieces (gain'd 10).
Ye now haf 75 gold pieces (gain'd 3).
A rat comes inta view.
Ye roll towards tha rat!
Tha rat bites ye but does nay damage.
Ye closely miss tha rat.
Tha rat bites ye but does nay damage.
Ye hit tha rat.
Ye kill tha rat!
Nay target in view!
Thar be a stone staircase leadin' up 'ere.
Ye now haf 82 gold pieces (gain'd 7).
Ye now haf 93 gold pieces (gain'd 11).
Found a stone staircase leadin' down. 3 gnolls come inta view.
Tha gnoll shouts! x3
Ye closely miss tha gnoll.
Tha gnoll hits ye but does nay damage.
Ye hit tha gnoll.
Tha gnoll be moderately wounded.
Tha gnoll barely misses ye.
Tha gnoll closely misses ye.
Ye barely miss tha gnoll.
Tha gnoll be moderately wounded.
Tha gnoll barely misses ye. x2; Tha gnoll closely misses ye.
Ye hit tha gnoll but do nay damage.
Tha gnoll be poison'd.
Tha gnoll be moderately wounded.
Tha gnoll hits ye but does nay damage.
Tha gnoll hits ye from afar wit' a +0 halberd!
Ouch! Tha re'lly hurt!
Tha gnoll hits ye wit' a +0 spear.
Ye take 16 damage, an' haf 7/23 hp.
MASSIVE DAMAGE!!
Tha gnoll attacks as ye move away!
Tha gnoll barely misses ye. x2
Tha gnoll attacks as ye move away!
Tha gnoll closely misses ye.
Tha gnoll attacks as ye move away!
Tha gnoll hits ye wit' a +0 flail.
Ye take 2 damage, an' haf 9/23 hp.
Tha gnoll attacks as ye move away!
Tha gnoll hits ye wit' a +0 flail!
Ouch! Tha re'lly hurt!
Ye die...

#.##.###### #.# .#
#.# g# #.# .# #g# .#
#g# g# . #.# .#
#.... #g# ######..##
#@##.###........#
#.##............#
####.######.#####..#
#.....# #.# #..#
#########.##.### #.#
#..##
#..............# #.#
#....
#.#.#.###..####.#
##.## #>###
##..###..#
##.###...####.###
##...#..#
#........†.....##


You could see 3 gnolls.

Vanquished Creatures
  An adder (D:2)
  2 endoplasms (D:1)
  3 hobgoblins
  A jackal (D:1)
  2 quokkas
  2 ball pythons (D:1)
  A bat (D:1)
  A frilled lizard (D:2)
  2 kobolds (D:1)
  4 rats
19 creatures vanquished.

Notes
Turn   | Place    | Note
-------+----------+-------------------------------------------
     0 | D:1      | ProzacElf the Armataur Reaver began the quest for the Orb.
     0 | D:1      | Reached XP level 1. HP: 18/18 MP: 3/3
   285 | D:1      | Reached XP level 2. HP: 23/25 MP: 5/5
   713 | D:2      | You fall into a shaft and drop 2 floors!
   875 | D:2      | Slain by a gnoll

Illustrated notes

Levels and vault maps discovered:
D:1:      dpeg_arrival_ternary, layout_loops_ring, minmay_cupped
D:2:      minmay_wonky_spiral, layout_loops_ring, st_stairs_11, uniq_natasha
D:3:      layout_rooms, grunt_temple_overflow_open
D:4:      layout_basic, nzn_wu_jian_council_hall, serial_shops,
          nicolae_shop_hallway_plus, interstate_on_off, uniq_crazy_yiuf_cottage

Skill      XL: |  1  2 |
---------------+-------+-----
Spellcasting   | 2 |  2.0
Long Blades    | 3 |  3.2
Conjurations   | 3 |  3.2
Fighting       | |  1.7
Dodging        | |  1.3

Action                     || total
---------------------------++-------
  Melee: Falchion          ||    33
         Tailslap          ||     2
         Dagger            ||    17
  Throw: Dart              ||     2
   Cast: Kiss of Death     ||     1
 Armour: Leather armour    ||    19
  Dodge: Dodged            ||    41

Table legend: (Time is in decaauts)
 A = Elapsed time spent in this place.
 B = Non-inter-level travel time spent in this place.
 C = Inter-level travel time spent in this place.
 D = Time resting spent in this place.
 E = Time spent auto-exploring this place.
 F = Levels seen in this place.
 G = Mean time per level.
                   A        B        C        D        E       F      G
               +--------+--------+--------+--------+--------+-----+--------+
         Total |    876 |    853 |     23 |      6 |    636 |   4 |  219.0 |
       Dungeon |    876 |    853 |     23 |      6 |    636 |   4 |  219.0 |
               +--------+--------+--------+--------+--------+-----+--------+

Top non-repeatable levels by time:
     D:1: 707 daAuts
     D:2: 134 daAuts
     D:3: 20 daAuts
     D:4: 13 daAuts
